 Dungeon Crawl Stone Soup version 0.28-a0-474-g535839065c (webtiles) character file.

Game seed: 16444499973643400422

2409 frogsbabysitter the Fighter (level 9, -4/97 HPs)
             Began as an Ogre Hunter on Sept 15, 2021.
             Was a Follower of Makhleb.
             Slain by a vampire mosquito (6 damage)
             ... on level 11 of the Dungeon.
             The game lasted 00:54:25 (14118 turns).

frogsbabysitter the Fighter (Ogre Hunter)          Turns: 14118, Time: 00:54:26

Health: -4/97      AC:  4    Str: 21    XL:     9   Next: 47%
Magic:  9/9        EV: 11    Int: 12    God:    Makhleb [*.....]
Gold:   0          SH:  0    Dex:  9    Spells: 5/8 levels left

rFire   . . .      SeeInvis .   j - +1 short sword (vamp)
rCold   . . .      Faith    .   (no shield)
rNeg    . . .      Spirit   .   b - +0 robe
rPois   .          Reflect  .   (helmet restricted)
rElec   .          Harm     .   p - +0 cloak
rCorr   .          Rampage  .   (gloves unavailable)
Will    .....                   (boots unavailable)
Stlth   ++........              (no amulet)
HPRegen 0.26/turn               (no ring)
MPRegen 0.11/turn               (no ring)

@: no status effects
A: large, unfitting armour, tough skin 1
a: Renounce Religion


You were on level 11 of the Dungeon.
You worshipped Makhleb.
Makhleb was aware of your devotion.
You visited 1 branch of the dungeon, and saw 11 of its levels.

You collected 379 gold pieces.
You spent 379 gold pieces at shops.

Inventory:

Hand Weapons
 a - a +0 short sword
 j - a +1 vampiric short sword (weapon)
 J - a +0 shortbow
Missiles
 k - 111 stones
 s - 3 boomerangs (quivered)
 w - 15 sling bullets
 y - 88 arrows
 z - 8 datura-tipped darts
 E - 30 poisoned darts
 F - 14 bolts
Armour
 b - a +0 robe (worn)
 p - a +0 cloak (worn)
 G - a +0 robe
Jewellery
 h - a ring of fire
 H - a ring of fire
Wands
 C - a wand of flame (22)
Scrolls
 c - a scroll of identify
 d - a scroll of immolation {unknown}
 f - a scroll of torment
 g - 4 scrolls of amnesia
 i - 2 scrolls of noise
 o - a scroll of magic mapping
 t - a scroll of blinking {unknown}
 u - a scroll of enchant weapon {unknown}
 A - a scroll of summoning {unknown}
 I - a scroll of enchant armour {unknown}
Potions
 m - a potion of mutation
 n - 4 potions of curing
 q - a potion of magic
 r - 3 potions of attraction
 B - 3 potions of flight
 K - 3 potions of brilliance {unknown}
 L - 2 potions of cancellation {unknown}
 M - a potion of haste {unknown}


   Skills:
 + Level 8.6 Fighting
 - Level 3.0 Short Blades
 + Level 6.3 Throwing
 - Level 5.4 Dodging
 - Level 4.6 Stealth
 * Level 3.2 Hexes


You had 5 spell levels left.
You knew the following spells:

 Your Spells              Type           Power      Damage    Failure   Level
a - Confusing Touch       Hex            7%         N/A       26%         3

Your spell library contained the following spells:

 Spells                   Type           Power      Damage    Failure   Level
 Slow                     Hex            7%         N/A       14%         2
 Vampiric Draining        Necr           0%         2d6       69%         3


Dungeon Overview and Level Annotations

Branches:
Dungeon (12/15)            Temple (0/1) D:4
   Lair: D:8-11         Orc: D:9-12

Altars:
Dithmenos
Makhleb
Nemelex Xobeh
Qazlal
Sif Muna
Zin
The Shining One

Shops:
D:3 [:[[   D:5 *   D:7 (

Annotations:
D:1 1 runed translucent door
D:6 exclusion: downstairs, Pikel
D:7 Maurice


Innate Abilities, Weirdness & Mutations

You are too large for most types of armour.
You have tough skin. (AC +1)


Message History

The five-headed hydra bites you!
The vampire mosquito closely misses you.
The vampire mosquito bites you!
* * * LOW HITPOINT WARNING * * *
The vampire mosquito draws strength from your injuries!
The vampire mosquito barely misses you.
The vampire mosquito closely misses you.
The vampire mosquito bites you but does no damage.
A slime creature comes into view.
Found a stone staircase leading down.
The vampire mosquito bites you!
* * * LOW HITPOINT WARNING * * *
The vampire mosquito draws strength from your injuries!
A slime creature comes into view.
Found 9 gold pieces.
The slime creature quivers.
The vampire mosquito bites you!
* * * LOW HITPOINT WARNING * * *
The vampire mosquito draws strength from your injuries!
The vampire mosquito bites you but does no damage.
The vampire mosquito bites you.
* * * LOW HITPOINT WARNING * * *
The vampire mosquito draws strength from your injuries!
The vampire mosquito closely misses you.
The vampire mosquito closely misses you.
Found an emerald potion and a leather armour.
The vampire mosquito misses you.
The howler monkey hoots and howls with incredible vigour!
You see here 9 gold pieces. 2 slime creatures come into view.
Found a stone staircase leading up.
The slime creature quivers.
The vampire mosquito bites you.
* * * LOW HITPOINT WARNING * * *
The vampire mosquito draws strength from your injuries!
The vampire mosquito bites you.
* * * LOW HITPOINT WARNING * * *
The vampire mosquito draws strength from your injuries!
You see here an emerald potion.
The vampire mosquito bites you.
You die...

*,,,,,,,,,,,..##.#..#.#
*,,,*****,,,..........#**
*,,** *,***.##.>#O#...#
*,,******,***,*#J.#.###.#
*,,,,,,,,,,,*,*#J.#J# *.#
,,,******,*,*,*#..#D# *,#
**,******.#.*,*#..#.# *,*
,,,,,,,,,..<..##..#D###.#
,,,******......[@y.J....#
**,* **.#.####..#######
*,*****,,,,,.....#
*,,,,,,,,,,#######
*********,** ***


You could see a five-headed hydra, 3 slime creatures and a vampire mosquito.

Vanquished Creatures
  Prince Ribbit (D:6)
  2 yaks (D:7)
  2 orc warriors
  A hornet zombie (D:5)
  An ice beast (D:7)
  2 centaurs
  A phantom (D:7)
  2 kobold brigands
  4 lemures
  2 bullfrogs (D:8)
  A wyvern zombie (D:8)
  2 scorpions
  A water moccasin zombie (D:6)
  A wyvern skeleton (D:7)
  A bullfrog zombie (D:6)
  A centaur zombie (D:8)
  A jelly (D:6)
  3 orc priests
  A centaur skeleton (D:7)
  2 hounds
  4 iguanas
  5 orc wizards
  A killer bee zombie (D:7)
  A gnoll (D:4)
  8 adders
  A shadow imp (D:6)
  A white imp (D:8)
  An ufetubus (D:4)
  2 adder skeletons (D:4)
  3 worms
  3 dart slugs
  20 orcs
  6 ball pythons
  5 endoplasms
  5 giant cockroaches
  12 goblins
  9 hobgoblins
  11 jackals
  3 quokkas
  3 bats
  2 frilled lizards (D:1)
  9 kobolds
  7 rats
154 creatures vanquished.

Vanquished Creatures (collateral kills)
  2 orcs (D:7)
2 creatures vanquished.

Vanquished Creatures (others)
  An orc (D:7)
1 creature vanquished.

Grand Total: 157 creatures vanquished

Notes
Turn   | Place    | Note
-------+----------+-------------------------------------------
     0 | D:1      | frogsbabysitter the Ogre Hunter began the quest for the
                  | Orb.
     0 | D:1      | Reached XP level 1. HP: 22/22 MP: 1/1
     0 | D:1      | Noticed a jelly
     1 | D:1      | Found a runed translucent door.
   210 | D:1      | Reached skill level 3 in Fighting
   210 | D:1      | Reached skill level 1 in Stealth
   211 | D:1      | Reached XP level 2. HP: 15/31 MP: 2/2
  1282 | D:1      | Found a faded altar of an unknown god.
  1352 | D:2      | Reached XP level 3. HP: 37/37 MP: 3/3
  1897 | D:2      | Reached XP level 4. HP: 47/48 MP: 4/4
  1986 | D:2      | Reached skill level 1 in Short Blades
  2161 | D:3      | Found Ponozob Igel's Book Shoppe.
  2172 | D:3      | Found Kuxoap's Armour Shoppe.
  2179 | D:3      | Bought a +0 cloak for 58 gold pieces
  2249 | D:3      | Found a stormy altar of Qazlal.
  2359 | D:3      | Found a burning altar of Makhleb.
  2380 | D:3      | Became a worshipper of Makhleb the Destroyer
  2423 | D:3      | Reached skill level 4 in Fighting
  2462 | D:3      | Found Zeot's Antique Armour Shop.
  2537 | D:3      | Noticed an angel
  2538 | D:3      | Found a glowing silver altar of Zin.
  2595 | D:3      | Found Wureniad's Antique Armour Shop.
  2747 | D:3      | Reached XP level 5. HP: 31/54 MP: 5/5
  3057 | D:3      | Found a shimmering blue altar of Sif Muna.
  3164 | D:4      | Found a staircase to the Ecumenical Temple.
  4343 | D:5      | Entered Level 5 of the Dungeon
  4390 | D:4      | Reached XP level 6. HP: 48/63 MP: 6/6
  5402 | D:5      | Noticed a black bear
  5574 | D:5      | Reached skill level 5 in Fighting
  5817 | D:5      | Reached XP level 7. HP: 53/72 MP: 7/7
  5976 | D:5      | Found Ipryn's Serpentskin Sales.
  5980 | D:5      | Bought 8 poisoned darts for 35 gold pieces
  5980 | D:5      | Bought 5 poisoned darts for 22 gold pieces
  6273 | D:6      | Found a glowing golden altar of the Shining One.
  6444 | D:6      | You fall into a shaft and drop 1 floor!
  6484 | D:7      | Noticed Pikel
  6546 | D:7      | Reached skill level 6 in Fighting
  6550 | D:7      | Found Jays's Antique Weapon Boutique.
  7063 | D:7      | Noticed Prince Ribbit
  8785 | D:7      | Reached XP level 8. HP: 58/84 MP: 8/8
  8969 | D:7      | Found a sparkling altar of Nemelex Xobeh.
  9040 | D:7      | Noticed a troll
  9504 | D:6      | Killed Prince Ribbit
  9505 | D:6      | Reached skill level 7 in Fighting
  9505 | D:6      | Reached skill level 5 in Throwing
 10012 | D:8      | Reached * piety under Makhleb
 10182 | D:7      | Reached skill level 5 in Dodging
 11480 | D:8      | Reached XP level 9. HP: 84/94 MP: 9/9
 11498 | D:8      | Found a shadowy altar of Dithmenos.
 11642 | D:3      | Bought a book of Debilitation for 264 gold pieces
 11646 | D:3      | Learned a level 3 spell: Confusing Touch
 12130 | D:8      | Reached skill level 1 in Hexes
 12249 | D:8      | Reached skill level 8 in Fighting
 12512 | D:8      | Noticed Maurice
 14025 | D:9      | You fall into a shaft and drop 3 floors!
 14035 | D:12     | Noticed a boulder beetle
 14045 | D:11     | Noticed a cyclops
 14080 | D:11     | Noticed a skeletal warrior
 14082 | D:11     | Noticed a skeletal warrior
 14082 | D:11     | Noticed a skeletal warrior
 14088 | D:11     | Noticed a skeletal warrior
 14089 | D:11     | Noticed a five-headed hydra
 14097 | D:11     | Noticed a two-headed ogre
 14117 | D:11     | HP: 2/97 [vampire mosquito (5)]
 14118 | D:11     | Slain by a vampire mosquito

Illustrated notes

Levels and vault maps discovered:
D:1:      dpeg_arrival_caged_fury, layout_rooms,
          hellmonk_ecumenical_altar_arch_garden, minmay_hexomino_u4
D:2:      layout_loops_ring
D:3:      layout_loops_cross, nicolae_qazlal_general_emergency,
          lemuel_blue_sif_altar, zin_angel, lightli_temple_of_fire,
          serial_shops, nicolae_shop_stone, shop, shop,
          nicolae_shop_statue_plus, shop, kennysheep_cluttered_room
D:4:      layout_cave_pods, minmay_temple_entry_drinking_statues, serial_rivers,
          chequers_serial_rivers_micro_b, chequers_serial_rivers_small_3,
          chequers_serial_rivers_room_b, chequers_serial_rivers_room_a,
          chequers_serial_rivers_room_b, chequers_serial_rivers_small_3
D:5:      layout_loops_ring, guppyfry_shop_venom
D:6:      layout_basic, tso_altar, hangedman_decor_opposing
D:7:      layout_gridville, lemuel_doored_altar, serial_shops, shop,
          enter_bailey_3, chequers_serial_rivers_small_b, uniq_prince_ribbit1,
          uniq_pikel
D:8:      layout_basic, mainiacjoe_overflow_brackets, minivault_27, uniq_maurice
D:9:      layout_basic, david_lair_shrubbed, serial_shops, shop_fountains
D:11:     layout_loops_ring
D:12:     layout_irregular_city, erik_orc_4, serial_shops,
          nicolae_shop_behind_doors, abandoned_shop, mrwooster_statue_mirror,
          nicolae_yredelemnul_ghost_church, uniq_frances

Skill      XL: |  1  2  3  4  5  6  7  8  9 |
---------------+----------------------------+-----
Dodging        | 2 3 4 5 |  5.4
Fighting       | 3 4 5 6 7 8 |  8.6
Stealth        | 1 2 3 4 |  4.6
Short Blades   | 1 2 3 |  3.0
Throwing       | 5 6 |  6.3
Hexes          | 3 |  3.2

Action                   |  1- 3 |  4- 6 |  7- 9 || total
-------------------------+-------+-------+-------++-------
Melee: Short sword       |   157 |   233 |   403 ||   793
Throw: Stone             |    38 |   103 |     9 ||   150
       Dart              |       |     3 |    11 ||    14
       Boomerang         |       |    16 |   105 ||   121
       Throwing net      |       |     2 |     2 ||     4
       Large rock        |       |     1 |    27 ||    28
Evoke: Wand              |       |       |     2 ||     2
  Use: Potion            |       |     1 |       ||     1
       Scroll            |       |       |    12 ||    12
 Stab: Sleeping          |     1 |     3 |       ||     4
Armor: Robe              |    42 |    79 |    84 ||   205
Dodge: Dodged            |    71 |   116 |   245 ||   432

Table legend: (Time is in decaauts)
 A = Elapsed time spent in this place.
 B = Non-inter-level travel time spent in this place.
 C = Inter-level travel time spent in this place.
 D = Time resting spent in this place.
 E = Time spent auto-exploring this place.
 F = Levels seen in this place.
 G = Mean time per level.
                   A        B        C        D        E       F      G
               +--------+--------+--------+--------+--------+-----+--------+
         Total |  14175 |  12863 |   1312 |   5525 |    633 |  11 | 1288.6 |
       Dungeon |  14175 |  12863 |   1312 |   5525 |    633 |  11 | 1288.6 |
               +--------+--------+--------+--------+--------+-----+--------+

Top non-repeatable levels by time:
     D:6: 2889 daAuts
     D:7: 2648 daAuts
     D:5: 1787 daAuts
     D:4: 1541 daAuts
     D:1: 1476 daAuts
     D:3: 1404 daAuts
     D:8: 1139 daAuts
     D:2: 713 daAuts
     D:9: 481 daAuts
    D:11: 74 daAuts
    D:12: 17 daAuts
